AoeStats
← SobbingFoil424

Arena

509848172Analyzed
1v1 RM · 5d ago on Sep 28, 2026· 37m 10s· 2 players
Game mode
Random Map
Map size
Tiny (2 player)
Population
200
Speed
Normal
Resources
Standard
Victory
Conquest
Starting age
Dark Age
Ending age
Imperial Age
RankedLock teamsTeams togetherTeam positionsShared explorationLock speedFull tech treeHidden civsTurbo modeCheats
Victory
Defeat
🇹🇼 Lithuanians · Taiwan
1027
+15
🇩🇪 Bengalis · Germany
1009
-15
Zuckerstange
10:04 Feudal Age
11:12 Loom
14:37 Castle Age
13:15 Double-Bit Axe
13:38 Horse Collar
21:46 Wheelbarrow
21:02 Pikeman
23:18 Sanctity
23:43 Fletching
26:25 Redemption
27:01 Atonement
31:14 Imperial Age
29:12 Bodkin Arrow
31:31 Gold Mining
33:06 Hand Cart
34:43 Block Printing
35:44 Bracer
36:53 Illumination
37:05 Theocracy
SobbingFoil424
9:59 Feudal Age
10:42 Double-Bit Axe
10:38 Horse Collar
12:40 Loom
16:04 Castle Age
17:07 Wheelbarrow
18:38 Bow Saw
19:05 Gold Mining
20:57 Stone Mining
21:31 Heavy Plow
24:55 Fortified Wall
24:26 Treadmill Crane
24:42 Town Watch
26:15 Redemption
28:36 Devotion
29:29 Stone Shaft Mining
29:16 Fletching
29:32 Scale Barding Armor
29:37 Forging
29:53 Ballistics
29:43 Masonry
29:53 Ballistics
31:18 Bloodlines
31:09 Husbandry
30:29 Light Cavalry
31:35 Masonry
36:54 Imperial Age
35:09 Chain Barding Armor
35:24 Iron Casting
Connection lost

Rejoining the realm…

Still unreachable

The connection could not be restored.

Session expired

The server has moved on; the page needs a fresh start.